[Event "January 2 Early 2024"]
[Site "https://www.chess.com"]
[Date "2024.01.02"]
[Round "9"]
[White "Hasanagic, Anel"]
[Black "Gritsenko, Nikolai"]
[Result "0-1"]
[Board "83"]
[TimeControl "180+1"]
[WhiteFideId "14605791"]
[BlackFideId "14112493"]
[WhiteElo "2494"]
[BlackElo "2664"]
[WhiteTeam "SLO"]
[BlackTeam "UKR"]
[WhiteClock "0:00:00"]
[BlackClock "0:00:18"]

1. b4 f6 2. Bb2 Nh6 3. c4 c6 4. Nf3 Na6 5. a3 Nc7 6. d4 d6 7. e3 Nf7 8. Nc3 g6 9. Be2 Bg7 10. b5 cxb5 11. cxb5 d5 12. a4 O-O 13. O-O e6 14. Qb3 Nd6 15. Rfd1 Re8 16. Nd2 Bf8 17. h3 Bd7 18. e4 dxe4 19. Ndxe4 Nxe4 20. Nxe4 b6 21. d5 e5 22. Rac1 Kg7 23. f4 Bf5 24. Nxf6 Qxf6 25. fxe5 Rxe5 26. Rxc7+ Kh6 27. d6 Bxd6 28. Rf7 Qe6 29. Bxe5 Qxb3 30. Rxd6 Qe3+ 31. Kh1 Qxe5 0-1

[Event "January 2 Early 2024"]
[Site "https://www.chess.com"]
[Date "2024.01.02"]
[Round "9"]
[White "Aldokhin, Ivan"]
[Black "Gutierrez Olivares, Daniel"]
[Result "0-1"]
[Board "84"]
[TimeControl "180+1"]
[WhiteFideId "24115720"]
[BlackFideId "2264005"]
[WhiteElo "2661"]
[BlackElo "2486"]
[WhiteTeam "RUS"]
[BlackTeam "ESP"]
[WhiteClock "0:00:00"]
[BlackClock "0:00:47"]

1. e4 e6 2. d4 d5 3. Nc3 Bb4 4. a3 Ba5 5. Bd3 Bb6 6. Nf3 Nc6 7. Be3 Nge7 8. Na4 dxe4 9. Bxe4 Nd5 10. Nxb6 axb6 11. Bd2 Nf6 12. Bg5 h6 13. Bh4 g5 14. Bxc6+ bxc6 15. Bg3 Ne4 16. Be5 f6 17. Qd3 Qd5 18. c4 Ba6 19. b3 fxe5 20. Qc2 Bxc4 21. bxc4 Qa5+ 22. Kf1 Qc3 23. Qxc3 Nxc3 24. Nxe5 O-O 25. Nxc6 Rf4 26. g3 Rf7 27. Ne5 Rf5 28. Kg2 Raf8 29. Rhf1 Ne4 30. f3 Nd2 31. Rf2 Nb3 32. Rb1 Nxd4 33. Re1 g4 34. Nc6 gxf3+ 35. Kh3 Rh5+ 36. Kg4 Rg5+ 37. Kh3 Nxc6 38. Rxe6 Nd4 39. Rxh6 Nf5 40. g4 Nxh6 0-1

[Event "January 2 Early 2024"]
[Site "https://www.chess.com"]
[Date "2024.01.02"]
[Round "9"]
[White "Vlassov, Nikolai"]
[Black "Azali, Tannaz"]
[Result "1-0"]
[Board "85"]
[TimeControl "180+1"]
[WhiteFideId "4103360"]
[BlackFideId "12537721"]
[WhiteElo "2658"]
[BlackElo "2485"]
[WhiteTeam "FID"]
[BlackTeam "IRI"]
[WhiteClock "0:00:15"]
[BlackClock "0:00:00"]

1. e4 c6 2. d4 d5 3. f3 e6 4. Nc3 Bb4 5. Bf4 Ne7 6. Qd2 Nd7 7. O-O-O Ng6 8. Be3 O-O 9. h4 e5 10. h5 Ne7 11. h6 g6 12. a3 Bd6 13. exd5 Nxd5 14. Nxd5 cxd5 15. dxe5 Bxe5 16. Qxd5 Qf6 17. Bd4 Qf4+ 18. Kb1 Bxd4 19. Qxd4 Qxd4 20. Rxd4 Ne5 21. Ne2 Bf5 22. Ng3 Be6 23. Be2 Rfd8 24. Rhd1 Nc6 25. Rxd8+ Rxd8 26. Rxd8+ Nxd8 27. Ne4 f5 28. Nf6+ Kh8 29. c3 Nf7 30. Kc2 Nxh6 31. Kd3 Nf7 32. Kd4 Kg7 33. Ne8+ Kf8 34. Nc7 Bd7 35. Bb5 Bxb5 36. Nxb5 a6 37. Nc7 Ke7 38. Kc5 Kd7 39. Nd5 h5 40. Kb6 Nd6 41. b3 g5 42. c4 Kc8 43. c5 Nb5 44. Ne7+ Kb8 45. c6 bxc6 46. Nxc6+ Kc8 47. a4 Nc7 48. Ne7+ Kd7 49. Nxf5 Nd5+ 50. Kxa6 Ke6 51. Ng7+ Kd6 52. Nxh5 Kc5 53. Kb7 Kb4 54. Ng7 Nf4 55. g3 Ne2 56. g4 Nd4 57. Kb6 Nxf3 58. a5 Ne5 59. a6 Nd7+ 60. Kc7 1-0

[Event "January 2 Early 2024"]
[Site "https://www.chess.com"]
[Date "2024.01.02"]
[Round "9"]
[White "Beydullayeva, Govhar"]
[Black "Spata, German"]
[Result "1-0"]
[Board "86"]
[TimeControl "180+1"]
[WhiteFideId "13413015"]
[BlackFideId "113026"]
[WhiteElo "2474"]
[BlackElo "2645"]
[WhiteTeam "AZE"]
[BlackTeam "ARG"]
[WhiteClock "0:00:02"]
[BlackClock "0:00:00"]

1. Nf3 g6 2. g3 Bg7 3. d4 d6 4. c4 Nf6 5. Bg2 O-O 6. Nc3 Bf5 7. Nh4 Bc8 8. O-O c6 9. e4 e5 10. Nf3 Bg4 11. Be3 Nbd7 12. h3 Bxf3 13. Bxf3 Re8 14. Re1 a5 15. b3 Qc7 16. Rc1 exd4 17. Bxd4 Re6 18. Bg2 Rae8 19. f4 b6 20. Qd2 Nc5 21. e5 dxe5 22. Bxe5 Qc8 23. Rcd1 Na6 24. g4 Nb4 25. a3 Na6 26. Bf3 Nc5 27. b4 axb4 28. axb4 Ncd7 29. g5 Nxe5 30. fxe5 Nh5 31. Bg4 Bf8 32. Bxe6 Qxe6 33. Ne4 Qxh3 34. Qg2 Qb3 35. Nf6+ Nxf6 36. exf6 Rxe1+ 37. Rxe1 Qxb4 38. Re8 Qxc4 39. Qe2 Qc5+ 40. Kh2 Qd6+ 41. Kh3 Qd7+ 42. Kg2 Qd5+ 43. Kf1 Qf5+ 44. Ke1 Qb1+ 45. Kd2 Qb2+ 46. Kd3 Qb3+ 47. Kd2 Qd5+ 48. Ke1 Qh1+ 49. Kd2 Qd5+ 50. Ke1 Qh1+ 51. Kf2 Qh2+ 52. Kf1 Qh1+ 53. Kf2 Qh2+ 54. Ke3 Qh3+ 55. Qf3 Qd7 56. Qe4 Qh3+ 57. Qf3 Qd7 58. Qe4 Qh3+ 59. Kd2 Qd7+ 60. Ke1 c5 61. Qe7 1-0

[Event "January 2 Early 2024"]
[Site "https://www.chess.com"]
[Date "2024.01.02"]
[Round "9"]
[White "Bolat, Inayat"]
[Black "Jakubowski, Krzysztof"]
[Result "0-1"]
[Board "87"]
[TimeControl "180+1"]
[WhiteFideId "13733125"]
[BlackFideId "1112848"]
[WhiteElo "2453"]
[BlackElo "2639"]
[WhiteTeam "KAZ"]
[BlackTeam "POL"]
[WhiteClock "0:00:00"]
[BlackClock "0:01:24"]

1. e4 c5 2. Nf3 d6 3. d4 cxd4 4. Nxd4 Nf6 5. Nc3 a6 6. Bd3 e5 7. Nde2 Be7 8. O-O Be6 9. f4 Qc7 10. Kh1 Nbd7 11. Ng3 b5 12. f5 Bc4 13. a3 h5 14. Bg5 h4 15. Nge2 h3 16. g3 Qb7 17. Bxf6 Nxf6 18. Ng1 Rc8 19. Qe2 Bd8 20. Nf3 Ba5 21. Rad1 Bxc3 22. bxc3 Qb6 23. Nd2 Bxd3 24. Qxd3 Ng4 25. Qe2 Ne3 26. Qf2 Rc6 27. f6 Nxd1 28. Qf5 g6 29. Qg4 Nf2+ 30. Rxf2 Qxf2 0-1

[Event "January 2 Early 2024"]
[Site "https://www.chess.com"]
[Date "2024.01.02"]
[Round "9"]
[White "CamillaEffect"]
[Black "Shinkarev, M"]
[Result "1-0"]
[Board "88"]
[TimeControl "180+1"]
[BlackFideId "4145348"]
[WhiteElo "2633"]
[BlackElo "2446"]
[BlackTeam "RUS"]
[WhiteClock "0:00:20"]
[BlackClock "0:00:55"]

1. e4 e5 2. Nf3 d6 3. d4 Nd7 4. c4 c6 5. Nc3 Ngf6 6. h3 Be7 7. Be3 O-O 8. Bd3 a6 9. a4 Qc7 10. a5 b5 11. axb6 Nxb6 12. Qe2 a5 13. g4 exd4 14. Nxd4 Nbd7 15. g5 Ne8 16. f4 Nc5 17. Bc2 f6 18. g6 h6 19. f5 Na6 20. Qh5 Nb4 21. Bb3 d5 22. cxd5 cxd5 23. Nxd5 Qg3+ 24. Kd1 Kh8 25. Bxh6 Qd3+ 26. Bd2+ Kg8 27. Nxe7# 1-0

[Event "January 2 Early 2024"]
[Site "https://www.chess.com"]
[Date "2024.01.02"]
[Round "9"]
[White "Micic, Aleksa"]
[Black "Hajiyev, Kanan"]
[Result "0-1"]
[Board "89"]
[TimeControl "180+1"]
[WhiteFideId "989940"]
[BlackFideId "13404148"]
[WhiteElo "2446"]
[BlackElo "2615"]
[WhiteTeam "SRB"]
[BlackTeam "AZE"]
[WhiteClock "0:00:00"]
[BlackClock "0:00:19"]

1. e4 c6 2. d4 d5 3. e5 a6 4. h4 h5 5. c4 Bg4 6. Qb3 Qd7 7. cxd5 cxd5 8. Nc3 Nc6 9. Be3 e6 10. Be2 Nh6 11. Rc1 Be7 12. Bd3 Nf5 13. Nge2 Bxe2 14. Nxe2 Nxh4 15. Kf1 g6 16. Nf4 g5 17. Nxh5 Rxh5 18. g3 Nxd4 19. Qd1 Ndf3 20. gxh4 g4 21. Be2 Nxe5 22. Bxg4 Rxh4 23. Rxh4 Bxh4 24. Bf4 Bf6 25. Qe2 Qb5 26. Bxe5 Bxe5 27. b3 Qxe2+ 28. Kxe2 Kd7 29. Kd3 Rg8 30. f3 Rh8 31. f4 Bxf4 32. Rf1 Rh4 33. Rxf4 f5 34. Rb4 Rxg4 35. Rxb7+ Kd6 36. Rb6+ Ke5 37. Rxa6 Rg3+ 38. Ke2 f4 39. b4 Rg2+ 40. Kf3 Rb2 41. a3 Rb3+ 42. Kg4 Rg3+ 43. Kh4 Rb3 44. Ra8 Ke4 45. Kg4 e5 46. Rb8 Rxa3 47. b5 Rb3 48. b6 d4 49. b7 d3 50. Kg5 f3 51. Kg4 f2 52. Rf8 Ke3 53. Rf3+ Ke2 0-1

[Event "January 2 Early 2024"]
[Site "https://www.chess.com"]
[Date "2024.01.02"]
[Round "9"]
[White "Andrews, Todd"]
[Black "Sztokbant, Bernardo Vainzoff"]
[Result "0-1"]
[Board "90"]
[TimeControl "180+1"]
[WhiteFideId "2012456"]
[BlackFideId "2115956"]
[WhiteElo "2609"]
[BlackElo "2437"]
[WhiteTeam "USA"]
[BlackTeam "BRA"]
[WhiteClock "0:00:23"]
[BlackClock "0:00:16"]

1. d4 Nf6 2. c4 g6 3. Nc3 Bg7 4. e4 d6 5. Nf3 O-O 6. Be2 e5 7. O-O exd4 8. Nxd4 Re8 9. f3 Nc6 10. Nc2 Be6 11. Rb1 Nd7 12. Nd5 f5 13. Nf4 fxe4 14. Nxe6 Rxe6 15. fxe4 Nc5 16. Ne3 Nd4 17. Bg4 Rxe4 18. Nd5 c6 19. Nc3 Re8 20. b4 Ne4 21. Nxe4 Rxe4 22. Bb2 Qg5 23. Bf3 Nxf3+ 24. Qxf3 Qe3+ 25. Qxe3 Rxe3 26. Bxg7 Kxg7 27. b5 c5 28. Rbd1 Rd8 29. Rfe1 Rxe1+ 30. Rxe1 Kf6 31. Rd1 Ke6 32. Re1+ Kd7 33. Rf1 Re8 34. Rf7+ Re7 35. Rf8 Ke6 36. Ra8 b6 37. a4 Ke5 38. Rd8 Kd4 39. Rxd6+ Kxc4 40. Rf6 Kb4 41. Rf4+ c4 42. Kf2 Kb3 43. a5 bxa5 44. Rf6 a4 45. b6 axb6 46. Rxb6+ Kc2 47. Rb4 c3 48. Rxa4 Kd3 49. Ra8 Kd2 50. Rd8+ Kc2 51. g4 Kb2 52. Rb8+ Kc1 53. h4 c2 54. Rc8 Re4 55. Kf3 Rd4 56. Ke3 Rxg4 57. Kd3 Rg3+ 58. Ke2 Rg2+ 59. Kd3 Rd2+ 60. Ke3 Kd1 61. Rf8 c1=Q 62. Rf1+ Kc2 63. Rxc1+ Kxc1 64. Kf4 Rd5 65. Kg4 Rh5 66. Kg3 Kc2 67. Kg4 Kc3 68. Kg3 Kc4 69. Kg4 Kc5 70. Kg3 Kd6 71. Kg4 Ke6 72. Kg3 Kf6 73. Kg4 h6 74. Kg3 Kf5 75. Kh3 Kf4 76. Kg2 Rxh4 77. Kg1 Kf3 78. Kf1 Rh1# 0-1

[Event "January 2 Early 2024"]
[Site "https://www.chess.com"]
[Date "2024.01.02"]
[Round "9"]
[White "Herman, Daniel"]
[Black "Mammadova, Narmin"]
[Result "1/2-1/2"]
[Board "91"]
[TimeControl "180+1"]
[WhiteFideId "30935008"]
[BlackFideId "13403710"]
[WhiteElo "2427"]
[BlackElo "2608"]
[WhiteTeam "USA"]
[BlackTeam "AZE"]
[WhiteClock "0:00:18"]
[BlackClock "0:00:08"]

1. Nf3 d5 2. c4 c6 3. e3 Nf6 4. b3 g6 5. Bb2 Bg7 6. g3 O-O 7. Bg2 a5 8. O-O a4 9. bxa4 dxc4 10. Na3 Be6 11. Qc2 Qa5 12. Nxc4 Qxa4 13. Qxa4 Rxa4 14. Nce5 Rxa2 15. Rxa2 Bxa2 16. Ra1 Bd5 17. Ra7 c5 18. Ng5 h6 19. e4 Bc6 20. Nh3 Rd8 21. Bc3 Bxe4 22. Nf4 g5 23. Nh5 Bxg2 24. Nxg7 Be4 25. Nh5 Nxh5 26. f3 Bd5 27. Ng4 Kh7 28. Kf2 f5 29. Ne3 Bc6 30. Nxf5 e6 31. Ne3 Ng7 32. Ng4 Nf5 33. Ne5 Bd5 34. Ng4 Kg6 35. Ne5+ Kh7 36. Ng4 Kg6 37. Ne5+ Kh7 1/2-1/2

[Event "January 2 Early 2024"]
[Site "https://www.chess.com"]
[Date "2024.01.02"]
[Round "9"]
[White "Chitre Arush"]
[Black "Spichkin, Alexander"]
[Result "1-0"]
[Board "92"]
[TimeControl "180+1"]
[WhiteFideId "25959026"]
[BlackFideId "4144074"]
[WhiteElo "2590"]
[BlackElo "2436"]
[WhiteTeam "IND"]
[BlackTeam "RUS"]
[WhiteClock "0:00:07"]
[BlackClock "0:00:27"]

1. Nf3 f5 2. g3 Nf6 3. Bg2 d6 4. d4 e6 5. O-O Be7 6. c4 O-O 7. Nc3 a5 8. b3 Ne4 9. Bb2 Nxc3 10. Bxc3 Qe8 11. Re1 Qh5 12. Nd2 Qh6 13. f4 g5 14. e3 Nd7 15. Nf3 g4 16. Nd2 e5 17. dxe5 dxe5 18. fxe5 Bc5 19. Nf1 Bb6 20. e6 Nc5 21. e7 Re8 22. Qd5+ Be6 23. Qd2 Rxe7 24. Rad1 Rae8 25. Kh1 Bf7 26. Qd4 Be6 27. Qe5 Nd7 28. Qf4 Qg6 29. Bxb7 Nf6 30. Bg2 Nh5 31. Qe5 Qh6 32. c5 Kf7 33. cxb6 cxb6 34. Rd6 Qf8 35. Rxe6 Rxe6 36. Qxf5+ Rf6 37. Qxh5+ Kg8 38. Bxf6 Qxf6 39. Qxe8+ Kg7 40. Qd7+ Kg6 41. Qxg4+ Kh6 42. Qf4+ Qg5 43. Qf2 Qb5 44. Qf4+ Kg7 45. Rd1 h5 46. Rd6 Kg8 47. Bd5+ Kh8 48. Qh6# 1-0

[Event "January 2 Early 2024"]
[Site "https://www.chess.com"]
[Date "2024.01.02"]
[Round "9"]
[White "Rees, Ioan"]
[Black "Aggelis, Nikolaos"]
[Result "0-1"]
[Board "93"]
[TimeControl "180+1"]
[WhiteFideId "1801236"]
[BlackFideId "4213220"]
[WhiteElo "2427"]
[BlackElo "2571"]
[WhiteTeam "WLS"]
[BlackTeam "GRE"]
[WhiteClock "0:00:24"]
[BlackClock "0:00:41"]

1. e4 c6 2. Nc3 d5 3. Nf3 Bg4 4. h3 Bxf3 5. Qxf3 e6 6. Qg3 dxe4 7. Nxe4 Nf6 8. Nxf6+ gxf6 9. d3 Nd7 10. Bf4 Qa5+ 11. Bd2 Qe5+ 12. Qxe5 fxe5 13. g4 f6 14. O-O-O h5 15. g5 f5 16. f4 Kf7 17. fxe5 Nxe5 18. Bc3 Bg7 19. g6+ Ke7 20. Re1 Kd6 21. Bg2 Rhg8 22. Rhg1 Nxg6 23. Bb4+ Kd7 24. Bf3 Nf4 25. Bd2 Nxh3 26. Rg6 Bxb2+ 27. Kxb2 Rxg6 28. Rh1 Rg3 29. Bxh5 Nf2 30. Rh2 Rh8 31. Be8+ Rxe8 32. Rxf2 Rh8 33. Bf4 Rg4 34. Be5 Rh1 35. d4 b5 0-1

[Event "January 2 Early 2024"]
[Site "https://www.chess.com"]
[Date "2024.01.02"]
[Round "9"]
[White "Mikhalsky, Vladimir"]
[Black "Munoz Galvez, Jhon Edison"]
[Result "1/2-1/2"]
[Board "94"]
[TimeControl "180+1"]
[WhiteFideId "14144352"]
[BlackFideId "4403797"]
[WhiteElo "2419"]
[BlackElo "2569"]
[WhiteTeam "UKR"]
[BlackTeam "COL"]
[WhiteClock "0:00:03"]
[BlackClock "0:00:13"]

1. d4 Nf6 2. c4 e6 3. g4 d5 4. g5 Nfd7 5. Nc3 dxc4 6. e4 Nb6 7. Be3 Be7 8. h4 Na6 9. Nf3 c5 10. h5 cxd4 11. Bxd4 Rg8 12. g6 fxg6 13. hxg6 h6 14. Bxc4 Nxc4 15. Qa4+ Qd7 16. Qxc4 Qc6 17. Qxc6+ bxc6 18. Ne5 c5 19. Be3 Nb4 20. O-O-O Bf6 21. f4 Ba6 22. Bxc5 Bxe5 23. Bxb4 Bxf4+ 24. Kb1 Rd8 25. Na4 Bd3+ 26. Ka1 Rd4 27. Bc5 Rd7 28. Ba3 Bc2 29. Rxd7 Kxd7 30. Nc5+ Kc6 31. Nxe6 Bxe4 32. Re1 Rd8 33. Nxf4 Bf5 34. Bb4 Rd4 35. Rc1+ Kb5 36. Bc3 Rxf4 37. Bxg7 Bxg6 38. Bxh6 Rf2 39. Bg7 a5 40. Rg1 Bf7 41. Bd4 Rf4 42. Be3 Rf3 43. Bd2 a4 44. a3 Bb3 45. Bc3 Kc4 46. Kb1 Kd3 47. Kc1 Rf2 48. Rg3+ Ke4 49. Rg4+ Kf3 50. Rg1 Rc2+ 51. Kb1 Rh2 52. Rf1+ Ke2 53. Re1+ Kd3 54. Rf1 Bc2+ 55. Ka1 Bb3 56. Rg1 Ke2 57. Rc1 Kd3 58. Rg1 Kc4 59. Rf1 Bc2 60. Rg1 Kb3 61. Re1 Bd3 62. Rg1 Rf2 63. Re1 Rc2 64. Rg1 Re2 65. Rh1 Rf2 66. Rc1 Be4 67. Re1 Bf3 68. Rc1 Be2 69. Re1 Bf1 70. Rc1 Bc4 71. Rb1 Bd3 72. Rc1 Rf1 73. Rxf1 Bxf1 74. Bd2 Bd3 75. Bc3 Bc2 1/2-1/2

[Event "January 2 Early 2024"]
[Site "https://www.chess.com"]
[Date "2024.01.02"]
[Round "9"]
[White "Lund, Gunnar"]
[Black "Mazurkiewicz, Michal"]
[Result "1-0"]
[Board "95"]
[TimeControl "180+1"]
[WhiteFideId "1520814"]
[BlackFideId "1124943"]
[WhiteElo "2560"]
[BlackElo "2419"]
[WhiteTeam "NOR"]
[BlackTeam "POL"]
[WhiteClock "0:00:46"]
[BlackClock "0:00:07"]

1. d4 Nf6 2. c4 e5 3. dxe5 Ng4 4. Nf3 Bc5 5. e3 Nc6 6. Nc3 O-O 7. Be2 Re8 8. O-O a5 9. b3 Ncxe5 10. Bb2 Ra6 11. Ne4 Ba7 12. Ng3 Nxf3+ 13. Bxf3 Nxh2 14. Kxh2 Qh4+ 15. Kg1 Rh6 16. Re1 d5 17. Qxd5 Rd8 18. Qe4 Qh2+ 19. Kf1 Re6 20. Rad1 Rde8 21. Qd3 c6 22. Bg4 Rxe3 23. Rxe3 Bxg4 24. Rxe8# 1-0

[Event "January 2 Early 2024"]
[Site "https://www.chess.com"]
[Date "2024.01.02"]
[Round "9"]
[White "Ginzburg, Yakov"]
[Black "Skibbe, Willi"]
[Result "1-0"]
[Board "96"]
[TimeControl "180+1"]
[WhiteFideId "4157176"]
[BlackFideId "4682190"]
[WhiteElo "2557"]
[BlackElo "2401"]
[WhiteTeam "RUS"]
[BlackTeam "GER"]
[WhiteClock "0:00:18"]
[BlackClock "0:00:06"]

1. e4 e5 2. Nf3 Nc6 3. Bb5 a6 4. Bxc6 dxc6 5. O-O Be7 6. Nxe5 Qd4 7. Nf3 Qxe4 8. Re1 Qf5 9. Qe2 Qxc2 10. Qe5 Qg6 11. Qxc7 Kf8 12. Rxe7 Bh3 13. Nh4 Qh5 14. Re1 Qxh4 15. gxh3 Qg5+ 16. Qg3 Qf5 17. Nc3 Nf6 18. d4 Rd8 19. Re5 Qc2 20. Bg5 Rxd4 21. Rae1 Rd8 22. Ne4 h6 23. Bxf6 gxf6 24. Nxf6 Qg6 25. Qxg6 fxg6 26. Re7 Rd6 27. Re8+ Kg7 28. Rxh8 Kxh8 29. Ne4 Rd4 30. f3 Kg7 31. Re2 Kf7 32. Kg2 Rd1 33. h4 h5 34. Ng5+ Kf6 35. Kg3 Rg1+ 36. Kf4 Ra1 37. Re6+ Kg7 38. Re7+ Kg8 39. Rxb7 Rxa2 40. Ke5 c5 41. Kf6 c4 42. Rb8# 1-0

[Event "January 2 Early 2024"]
[Site "https://www.chess.com"]
[Date "2024.01.02"]
[Round "9"]
[White "Womacka, Mathias"]
[Black "Andersson, Bjorn 1960"]
[Result "1-0"]
[Board "97"]
[TimeControl "180+1"]
[WhiteFideId "4611390"]
[BlackFideId "1700545"]
[WhiteElo "2550"]
[BlackElo "2396"]
[WhiteTeam "GER"]
[BlackTeam "SWE"]
[WhiteClock "0:01:06"]
[BlackClock "0:00:22"]

1. e4 e6 2. d4 d5 3. Nd2 Be7 4. Ngf3 Nf6 5. e5 Nfd7 6. Bd3 c5 7. c3 Nc6 8. O-O g5 9. dxc5 Ndxe5 10. Nxe5 Nxe5 11. Nb3 Nxd3 12. Qxd3 e5 13. Qe2 Qc7 14. Re1 f6 15. Qh5+ Kf8 16. h4 h6 17. hxg5 fxg5 18. Qf3+ Kg7 19. Qxd5 Bf6 20. Be3 Bf5 21. Rad1 Rad8 22. Qc4 h5 23. Nd2 h4 24. Ne4 Qc6 25. Rxd8 Rxd8 26. Bxg5 Bxe4 27. Bxf6+ Kxf6 28. Qxe4 Qxe4 29. Rxe4 Rd1+ 30. Kh2 Rd2 31. Rb4 Rxf2 32. Rxb7 Kf5 33. Rf7+ 1-0

[Event "January 2 Early 2024"]
[Site "https://www.chess.com"]
[Date "2024.01.02"]
[Round "9"]
[White "Volkov, Sergei"]
[Black "Nayak Rajesh"]
[Result "0-1"]
[Board "98"]
[TimeControl "180+1"]
[WhiteFideId "4176588"]
[BlackFideId "35017152"]
[WhiteElo "2542"]
[BlackElo "2393"]
[WhiteTeam "RUS"]
[BlackTeam "IND"]
[WhiteClock "0:00:00"]
[BlackClock "0:00:38"]

1. d4 Nf6 2. Nf3 g6 3. Bf4 Bg7 4. e3 O-O 5. Be2 d6 6. O-O Nfd7 7. h3 Nc6 8. Bh2 e5 9. c4 f5 10. Nc3 g5 11. dxe5 dxe5 12. Rc1 e4 13. Nd4 Nde5 14. Nxc6 bxc6 15. Qxd8 Rxd8 16. Rfd1 Be6 17. b3 Kf7 18. Na4 Kf6 19. Nc5 Bf8 20. Nb7 Rxd1+ 21. Rxd1 a5 22. Rd8 Rxd8 23. Nxd8 Bd7 24. Nb7 Bb4 25. f3 Bc8 26. Nd8 c5 27. fxe4 fxe4 28. Kf2 Bd7 29. Nb7 Be8 30. Bd1 Nd3+ 31. Kf1 Ne5 32. Bc2 Bg6 33. Ke2 h5 34. a3 Bxa3 35. Nxa5 Bb4 36. Bxe5+ Kxe5 37. Nc6+ Kd6 38. Nxb4 cxb4 39. g3 h4 40. g4 Ke5 41. Kd2 Be8 42. Ke2 Bd7 43. Kf2 Bc8 44. Ke2 Bb7 45. Kf2 Kd6 46. Ke2 Kc5 0-1

[Event "January 2 Early 2024"]
[Site "https://www.chess.com"]
[Date "2024.01.02"]
[Round "9"]
[White "Rogov, Matfey"]
[Black "Novak, Ratko"]
[Result "0-1"]
[Board "99"]
[TimeControl "180+1"]
[WhiteFideId "44191308"]
[BlackFideId "14511827"]
[WhiteElo "2538"]
[BlackElo "2384"]
[WhiteTeam "RUS"]
[BlackTeam "CRO"]
[WhiteClock "0:00:33"]
[BlackClock "0:01:14"]

1. e4 d5 2. exd5 c6 3. dxc6 Nxc6 4. Nf3 e5 5. Bb5 Bd6 6. O-O Ne7 7. d4 exd4 8. Nxd4 O-O 9. Nxc6 Nxc6 10. Nc3 Bf5 11. Bd3 Bxd3 12. Qxd3 Nb4 13. Qd1 Be5 14. Bd2 Re8 15. a3 Nc6 16. Qg4 Qxd2 17. Rad1 Qxc2 18. Nd5 Qg6 19. Qd7 Qd6 20. Qxb7 Bxh2+ 21. Kh1 Qh6 22. g4 Bd6+ 23. Kg2 Qh2+ 24. Kf3 Ne5+ 25. Ke2 Rab8 26. Ne7+ Bxe7 0-1

[Event "January 2 Early 2024"]
[Site "https://www.chess.com"]
[Date "2024.01.02"]
[Round "9"]
[White "Ljukin, Sergei"]
[Black "Gomez Falagan, Daniel"]
[Result "1/2-1/2"]
[Board "100"]
[TimeControl "180+1"]
[WhiteFideId "14102200"]
[BlackFideId "54509947"]
[WhiteElo "2527"]
[BlackElo "2383"]
[WhiteTeam "UKR"]
[BlackTeam "ESP"]
[WhiteClock "0:00:04"]
[BlackClock "0:00:06"]

1. e4 e6 2. d4 d5 3. Nc3 Bb4 4. e5 c5 5. a3 Bxc3+ 6. bxc3 Nc6 7. h4 Qa5 8. Bd2 Qa4 9. Qg4 Kf8 10. Bd3 Nxe5 11. Qf4 Nxd3+ 12. cxd3 Ne7 13. dxc5 Qxf4 14. Bxf4 f6 15. d4 Kf7 16. Rb1 b6 17. cxb6 axb6 18. Bd6 Nf5 19. Bb4 h5 20. Ne2 Ba6 21. Nf4 g6 22. Kd2 Bc4 23. g3 Ra7 24. Rhe1 Re8 25. Re3 b5 26. Rbe1 Ra6 27. Rf3 Rea8 28. Ra1 Nd6 29. Re3 Ne4+ 30. Ke1 Rh8 31. Ne2 g5 32. f3 Nd6 33. Kf2 Nf5 34. hxg5 Nxe3 35. g6+ Kxg6 36. Kxe3 Bxe2 37. Kxe2 h4 38. Rh1 Kg5 39. gxh4+ Rxh4 40. Rg1+ Kf5 41. Rg7 e5 42. dxe5 Re6 43. Rb7 Rxe5+ 44. Kf2 Rh2+ 45. Kg3 Ree2 46. f4 Rhg2+ 47. Kf3 Rgf2+ 48. Kg3 Rxf4 49. Rxb5 Re3+ 50. Kg2 Re5 51. Bd6 Rg4+ 52. Kf3 Ree4 53. Bc7 Ke6 54. Rb6+ Kd7 55. Bb8 f5 56. Rf6 Rc4 57. Be5 Rge4 58. Bd4 f4 59. Rf5 Ke6 60. Rf6+ Ke7 61. Rf5 Ra4 62. Rxd5 Re1 63. Kxf4 Ke6 64. Rc5 Rxa3 65. Rc6+ Kd5 66. Rc5+ Kd6 67. Rb5 Rf1+ 68. Ke4 Re1+ 69. Kd3 Rd1+ 70. Kc4 Ra4+ 71. Kb3 Raa1 72. Kc4 Rdb1 73. Rxb1 Rxb1 74. Kd3 Kd5 75. Ke3 Rc1 76. Kd3 Rh1 77. Ke3 Rh3+ 78. Kf4 Rh5 79. Ke3 Rf5 80. Kd3 Rf3+ 81. Be3 Rh3 82. c4+ Ke5 83. c5 Kd5 84. Ke2 Rxe3+ 85. Kxe3 Kxc5 1/2-1/2

[Event "January 2 Early 2024"]
[Site "https://www.chess.com"]
[Date "2024.01.02"]
[Round "9"]
[White "Petukhov, Dmitry"]
[Black "Marchesich, Giovanni"]
[Result "1-0"]
[Board "101"]
[TimeControl "180+1"]
[WhiteFideId "4142748"]
[BlackFideId "2824790"]
[WhiteElo "2526"]
[BlackElo "2376"]
[WhiteTeam "RUS"]
[BlackTeam "ITA"]
[WhiteClock "0:00:33"]
[BlackClock "0:00:00"]

1. e4 e5 2. Nf3 Nc6 3. Bb5 a6 4. Ba4 Bc5 5. O-O Nge7 6. c3 Ba7 7. d4 Ng6 8. Be3 O-O 9. Nbd2 d5 10. Re1 exd4 11. cxd4 dxe4 12. Nxe4 Nce7 13. Rc1 Nd5 14. Bg5 f6 15. Bd2 Bg4 16. Bb3 c6 17. Nc5 Bxc5 18. Rxc5 Ne7 19. h3 Bh5 20. Bf4 Bf7 21. Bg3 Qd7 22. Qd2 Rfe8 23. Rcc1 Rad8 24. a3 Ng6 25. Bc2 Rxe1+ 26. Rxe1 Re8 27. Qd3 Rxe1+ 28. Nxe1 Nde7 29. Nf3 Be6 30. Nd2 Kh8 31. Ne4 Bf5 32. f3 Nd5 33. b4 Ndf4 34. Qd2 Nd5 35. Nc5 Qc8 36. Bxf5 Qxf5 37. Qe2 h6 38. Qe8+ Kh7 39. Ne6 Qg5 40. Nxg5+ 1-0

[Event "January 2 Early 2024"]
[Site "https://www.chess.com"]
[Date "2024.01.02"]
[Round "9"]
[White "Pinero Rodriguez, Carlos Jose"]
[Black "Preobrazhenskaya, Diana"]
[Result "1-0"]
[Board "102"]
[TimeControl "180+1"]
[WhiteFideId "3901726"]
[BlackFideId "34270566"]
[WhiteElo "2524"]
[BlackElo "2365"]
[WhiteTeam "VEN"]
[BlackTeam "FID"]
[WhiteClock "0:00:15"]
[BlackClock "0:00:00"]

1. e4 c5 2. Nf3 d6 3. d4 cxd4 4. Nxd4 Nf6 5. Nc3 a6 6. Bg5 Nbd7 7. f4 Qa5 8. Qe2 h6 9. Bh4 e5 10. Nb3 Qc7 11. f5 g5 12. Bf2 b5 13. a3 Bb7 14. g3 Rc8 15. Bg2 Nb6 16. Nd2 h5 17. O-O-O Nc4 18. Nxc4 bxc4 19. Kb1 Rb8 20. Ka2 Ba8 21. Rb1 Be7 22. h3 a5 23. Be3 Nd7 24. Rhd1 Qc6 25. Nd5 Bd8 26. Bf3 h4 27. g4 Qa6 28. Bg2 Bxd5 29. Rxd5 Nf6 30. Rdd1 Qc6 31. Bd2 Bc7 32. Bxg5 Bd8 33. Bd2 Nd7 34. Bc3 Nc5 35. Qxc4 Be7 36. f6 Bxf6 37. Rf1 Be7 38. Qxf7+ Kd7 39. Qc4 Rbf8 40. Bf3 Qb6 41. g5 Ne6 42. Bg4 d5 43. Qxd5+ Ke8 44. Qxe6 Qc5 45. g6 Rxf1 46. Rxf1 Qc7 47. g7 1-0